 Dungeon Crawl Stone Soup version 0.17-a0-1450-g7e755d1 (webtiles) character file.

45 patman the Poker (level 3, 10/29 HPs)
             Began as a Formicid Wanderer on June 28, 2015.
             Quit the game on level 2 of the Dungeon on June 30, 2015.
             The game lasted 00:04:10 (870 turns).

patman the Poker (Formicid Wanderer)                 Turns: 870, Time: 00:04:10

Health: 10/29      AC:  3    Str: 15    XL:     3   Next: 90%
Magic:  3/3        EV: 11    Int: 12    God:
Gold:   67         SH:  0    Dex: 11    Spells: 0 memorised, 2 levels left

rFire  . . .     SeeInvis +     d - +0 spear
rCold  . . .     Clarity  .     e - +0 robe
rNeg   . . .     SustAt   .     (no shield)
rPois  .         Gourm    .     (helmet unavailable)
rElec  .         Spirit   .     (no cloak)
rCorr  .         Warding  .     j - +0 pair of gloves
rMut   +         Stasis   +     (no boots)
MR     .....                    g - amulet of resist mutation
Stlth  ++........               (no ring)
                                o - ring of see invisible

@: not resistant to hostile enchantments, unstealthy
A: permanent stasis, dig shafts and tunnels, four strong arms, antennae 3
a: Dig, Shaft Self


You were on level 2 of the Dungeon.
You were not hungry.

You visited 1 branch of the dungeon, and saw 2 of its levels.

You collected 67 gold pieces.

Inventory:

Hand weapons
 a - a +2 dagger
 d - a +0 spear (weapon)
Armour
 e - a +0 robe (worn)
 j - a +0 pair of gloves (worn)
Jewellery
 g - an amulet of resist mutation (around neck)
 o - a ring of see invisible (left hand)
Scrolls
 b - a scroll of blinking
 i - a scroll of noise {unknown}
 l - 2 scrolls of identify {unknown}
 m - a scroll of random uselessness {unknown}
 n - a scroll of remove curse {unknown}
Potions
 c - a potion of lignification
Comestibles
 f - 2 bread rations
 h - a meat ration
 k - 3 fruits
 p - a beef jerky


   Skills:
 - Level 3.2 Fighting
   Level 2.0(3.2) Axes
 * Level 3.9(4.1) Polearms
 - Level 1.1 Armour
 - Level 1.2 Stealth
   Level 1.1 Evocations


You had 2 spell levels left.
You didn't know any spells.

Dungeon Overview and Level Annotations

Branches:
Dungeon (2/15)

Altars:
Nemelex Xobeh


Innate Abilities, Weirdness & Mutations

You are under a permanent stasis effect.
You can dig through walls and to a lower floor.
Your four strong arms can wield two-handed weapons with a shield.
You have a pair of large antennae on your head (SInv).


Message History

The jackal is heavily wounded.
The jackal bites you.
You hit the jackal.
You kill the jackal!
You hit the kobold but do no damage. The kobold completely misses you.
You hit the kobold but do no damage. The kobold closely misses you.
You barely miss the kobold. The kobold barely misses you.
You hit the kobold but do no damage. You hit the kobold but do no damage.
The kobold hits you with a short sword.
You hit the kobold.
The kobold is heavily wounded.
The kobold closely misses you.
You miss the kobold.
The kobold is heavily wounded.
The kobold hits you with a short sword.
You hit the kobold.
You kill the kobold!
No target in view!
No target in view!
Are you sure you want to abandon this character and quit the game? (Confirm with "yes".)

####### #.#
####..###.#.###
#.###.......#.#.#
#...........#.#.#
####........#.#.#
#............#
##.......#.###
#.......#.#
#.......# #
####@#### #)# #.#
... #.. #... #..#
...#


There were no monsters in sight!

Vanquished Creatures
  3 giant geckos
  6 bats
  2 giant cockroaches (D:1)
  3 goblins
  4 hobgoblins (D:1)
  6 jackals (D:2)
  2 ball pythons (D:1)
  4 giant newts (D:1)
  7 kobolds
  2 rats (D:1)
39 creatures vanquished.

Notes
Turn   | Place    | Note
--------------------------------------------------------------
     0 | D:1      | patman the Formicid Wanderer began the quest for the Orb.
     0 | D:1      | patman set off with: a +2 dagger, a scroll of blinking, a potion of lignification, a +0 spear, a +0 robe, a bread ration
     0 | D:1      | Reached XP level 1. HP: 18/18 MP: 1/1
   248 | D:1      | Reached XP level 2. HP: 24/24 MP: 2/2
   501 | D:1      | Reached XP level 3. HP: 16/29 MP: 3/3
   788 | D:2      | Found a sparkling altar of Nemelex Xobeh.
   822 | D:2      | Upgraded the game from 0.17-a0-1446-gc28613e to 0.17-a0-1447-g3d113ad
   822 | D:2      | Upgraded the game from 0.17-a0-1447-g3d113ad to 0.17-a0-1450-g7e755d1
   870 | D:2      | Quit the game

Vault maps used:
D:1:      dpeg_arrival_yet_another_circle
D:2:      lemuel_coloured_pillars_altar, first_bread, kennysheep_small_spiral,
          hex_large, uniq_terence, uniq_sigmund

Action                   || total
-------------------------++-------
Melee: Spear             ||   141
 Stab: Sleeping          ||     4
